 Dungeon Crawl Stone Soup version 0.21.1-1-g345015f (webtiles) character file.

2526 Medidev the Basher (level 9, 0/79 HPs)
             Began as a Minotaur Berserker on Mar 14, 2018.
             Was a Priest of Trog.
             Killed from afar by an orc wizard (13 damage)
             ... with a puff of flame
             ... on level 8 of the Dungeon.
             The game lasted 00:23:21 (2823 turns).

Medidev the Basher (Minotaur Berserker)             Turns: 2823, Time: 00:23:23

Health: 0/79       AC:  9    Str: 26    XL:     9   Next: 29%
Magic:  8/8        EV:  8    Int:  4    God:    Trog [***...]
Gold:   146        SH:  0    Dex:  9    Spells: 8/8 levels left

rFire    . . .     SeeInvis .   q - +2 mace (holy)
rCold    . . .     Gourm    .   (no shield)
rNeg     . . .     Faith    .   h - +0 chain mail
rPois    .         Spirit   .   (helmet restricted)
rElec    .         Reflect  .   (no cloak)
rCorr    .         Harm     .   (no gloves)
MR       .....                  (no boots)
Stlth    ..........             s - amulet of regeneration
HPRegen  0.63/turn              (no ring)
MPRegen  0.11/turn              (no ring)

@: lethally poisoned (0 -> 0), berserk cooldown, slowed, heavily drained, very
slow
A: retaliatory headbutt, horns 2
a: Berserk, Trog's Hand, Burn Spellbooks, Renounce Religion


You were on level 8 of the Dungeon.
You worshipped Trog.
Trog was most pleased with you.
You were very hungry.

You visited 2 branches of the dungeon, and saw 9 of its levels.

You collected 146 gold pieces.

Inventory:

Hand Weapons
 a - a +0 hand axe
 g - a +0 flail
 i - a +0 mace
 k - a +0 trident
 l - a +0 war axe
 q - a +2 mace of holy wrath (weapon)
Armour
 b - a +0 animal skin
 d - a +0 ring mail
 f - a +0 leather armour
 h - a +0 chain mail (worn)
 m - a +0 shield
 r - a +0 chain mail
 A - a cursed +0 ring mail
Jewellery
 s - an amulet of regeneration (around neck)
Wands
 D - a wand of acid (12)
Scrolls
 o - 2 scrolls of remove curse
 v - a scroll of fear
 w - a scroll of fog
 z - a scroll of noise {unknown}
 B - a scroll of amnesia {unknown}
Potions
 e - a potion of lignification {unknown}
 j - a potion of invisibility {unknown}
 n - a potion of agility {unknown}
 p - a potion of curing {unknown}
 t - a potion of heal wounds {unknown}
 u - a potion of haste {unknown}
 x - a potion of might {unknown}
 C - 2 potions of magic {unknown}
Comestibles
 c - 2 rations


   Skills:
 + Level 7.6(4.6) Fighting
 + Level 7.5(6.2) Axes
 + Level 9.0(6.9) Maces & Flails
 + Level 7.0(4.0) Armour
 + Level 3.7(1.0) Dodging
 + Level 1.1(0.0) Stealth


You had 8 spell levels left.
You didn't know any spells.

Dungeon Overview and Level Annotations

Branches:
Dungeon (8/15)             Temple (1/1) D:5
   Lair: D:8-11

Altars:
Ashenzari
Cheibriados
Dithmenos
Elyvilon
Gozag
Hepliaklqana
Kikubaaqudgha
Makhleb
Nemelex Xobeh
Okawaru
Qazlal
Ru
Sif Muna
Trog
Uskayaw
Vehumet
Wu Jian
Xom
Yredelemnul
Zin
The Shining One


Innate Abilities, Weirdness & Mutations

You reflexively headbutt those who attack you in melee.
You have a pair of horns on your head.


Message History

A puff of flame appears from out of thin air!
The puff of flame hits you!
The orc wizard hits you but does no damage.
The orc misses you.
The sky beast flickers out of sight!
Something hits you but does no damage. x2; You feel drained.
Your chain mail prevents you from hitting the cyclops.
You feel sick.
You hear some strange, mumbled words.
A puff of flame appears from out of thin air!
The puff of flame hits you!
* * * LOW HITPOINT WARNING * * *
Something hits you.
* * * LOW HITPOINT WARNING * * *
Something shocks you.
* * * LOW HITPOINT WARNING * * *
The orc hits you but does no damage.
You hear some strange, mumbled words.
A puff of flame appears from out of thin air!
The puff of flame hits you!
You die...

#.## #..#
#...> ##.#
#...K. #.#
#..... #<#
#.... #.# #...
#.###o### #
#.#..C{)# #.##
#.#..@{†#....#
#....o)()..#
###...†.#.##
.....(...# #
#.#######.#
..# .## . ..


You could see a cyclops, an orc wizard and an orc.

Vanquished Creatures
  The ghost of tidbits the Insei, a novice GnTm (D:7)
  Maurice (D:8)
  Menkaure (D:4)
  A water moccasin (D:5)
  A black bear (D:8)
  2 ice beasts
  A phantom (D:8)
  The ghost of homeworkjunkie the Shield-Bearer, an amateur HOFi (D:5)
  3 centaurs
  2 bullfrogs (D:8)
  A big kobold (D:8)
  A scorpion (D:4)
  4 killer bees (D:8)
  2 crimson imps
  A hound (D:5)
  2 jellies
  A centaur skeleton (D:5)
  Jessica (D:2)
  Terence (D:2)
  2 orc wizards
  A howler monkey skeleton (D:4)
  3 adders (D:5)
  A shadow imp (D:5)
  An ooze (D:4)
  2 adder zombies
  An adder skeleton (D:5)
  2 worms
  2 dart slugs
  14 orcs
  A bat (D:3)
  6 giant cockroaches
  3 goblins
  4 hobgoblins
  8 jackals
  A quokka (D:5)
  5 frilled lizards
  12 kobolds
  A leopard gecko skeleton (D:7)
  7 rats
105 creatures vanquished.

Notes
Turn   | Place    | Note
-------+----------+-------------------------------------------
     0 | D:1      | Medidev the Minotaur Berserker began the quest for the Orb.
     0 | D:1      | Reached XP level 1. HP: 19/19 MP: 0/0
   126 | D:1      | Reached XP level 2. HP: 18/27 MP: 1/1
   231 | D:2      | Noticed Terence
   238 | D:2      | Killed Terence
   238 | D:2      | Reached XP level 3. HP: 35/35 MP: 2/2
   306 | D:2      | Noticed Jessica
   309 | D:2      | Killed Jessica
   309 | D:2      | Reached skill level 5 in Fighting
   356 | D:2      | Reached XP level 4. HP: 40/42 MP: 3/3
   430 | D:2      | Reached ** piety under Trog
   896 | D:4      | Reached skill level 5 in Axes
   977 | D:4      | Noticed Menkaure
   987 | D:4      | Killed Menkaure
   987 | D:4      | Reached XP level 5. HP: 16/48 MP: 4/4
  1003 | D:4      | Reached XP level 6. HP: 21/56 MP: 5/5
  1019 | D:4      | Reached skill level 1 in Stealth
  1138 | D:5      | Entered Level 5 of the Dungeon
  1140 | D:5      | Noticed a water moccasin
  1156 | D:5      | Killed a water moccasin
  1160 | D:5      | Reached skill level 1 in Maces & Flails
  1401 | D:5      | Noticed homeworkjunkie's ghost (amateur HOFi)
  1406 | D:5      | Killed homeworkjunkie's ghost
  1406 | D:5      | Reached XP level 7. HP: 62/62 MP: 6/6
  1499 | D:5      | Found a hide-covered altar of Uskayaw.
  1603 | D:5      | Reached skill level 2 in Maces & Flails
  1703 | D:5      | Found a staircase to the Ecumenical Temple.
  1717 | Temple   | Entered the Ecumenical Temple
  2300 | D:6      | Reached skill level 3 in Maces & Flails
  2521 | D:7      | Noticed tidbits's ghost (novice GnTm)
  2528 | D:7      | Killed tidbits's ghost
  2528 | D:7      | Reached skill level 5 in Maces & Flails
  2528 | D:7      | Reached skill level 5 in Armour
  2528 | D:7      | Reached XP level 8. HP: 71/71 MP: 7/7
  2531 | D:7      | Reached skill level 6 in Maces & Flails
  2628 | D:8      | Reached skill level 7 in Maces & Flails
  2793 | D:8      | Noticed Maurice
  2800 | D:8      | Reached *** piety under Trog
  2800 | D:8      | Reached skill level 8 in Maces & Flails
  2800 | D:8      | Reached XP level 9. HP: 79/79 MP: 8/8
  2808 | D:8      | Killed Maurice
  2811 | D:8      | Reached skill level 9 in Maces & Flails
  2821 | D:8      | Noticed a cyclops
  2823 | D:8      | Killed from afar by an orc wizard

Skill      XL: |  1  2  3  4  5  6  7  8  9 |
---------------+----------------------------+-----
Axes           | 4 6 7 |  7.5
Fighting       | 4 5 6 7 |  7.6
Armour         | 3 4 5 6 7 |  7.0
Stealth        | 1 |  1.1
Maces & Flails | 1 5 8 9 |  9.0
Dodging        | 3 |  3.7

Action                   |  1- 3 |  4- 6 |  7- 9 || total
-------------------------+-------+-------+-------++-------
Melee: Hand axe          |    28 |    34 |       ||    62
       Headbutt          |     8 |    18 |    15 ||    41
       War axe           |       |    26 |       ||    26
       Mace              |       |    32 |   102 ||   134
Invok: Berserk           |     2 |     3 |     3 ||     8
       Trog's Hand       |       |     1 |     1 ||     2
  Use: Scroll            |     3 |     4 |     4 ||    11
  Eat: Ration            |     1 |     2 |     1 ||     4
Armor: Leather armour    |     1 |       |       ||     1
       Chain mail        |     1 |    54 |   105 ||   160
Dodge: Dodged            |    20 |    52 |    96 ||   168
